[Event "45th FIDE Olympiad 2024"]
[Site "Budapest"]
[Date "2024.09.13"]
[Round "3.66"]
[White "Blomqvist, Erik"]
[Black "Shevchenko, Kirill"]
[Result "1-0"]
[ECO "B67"]
[WhiteElo "2491"]
[BlackElo "2673"]
[Annotator "TA"]
[PlyCount "69"]
[EventDate "2024.09.05"]
[EventType "team-tourn"]
[EventCountry "HUN"]
[SourceTitle "playchess.com"]
[Source "ChessBase"]
[SourceQuality "1"]
[WhiteTeam "Sweden"]
[BlackTeam "Romania"]
[WhiteTeamCountry "SWE"]
[BlackTeamCountry "ROU"]
[TimeControl "40/5400+30:1800+30"]

1. e4 c5 2. Nc3 Nc6 3. Nf3 d6 4. d4 cxd4 5. Nxd4 Nf6 6. Bg5 e6 7. Qd2 a6 8. O-O-O Bd7 9. Nxc6 Bxc6 10. f3 Be7 11. Kb1 Qc7 12. h4 {White has an edge.} h6 13. Be3 b5 (13... d5 $5) 14. Ne2 Nd7 15. Nd4 Bb7 {[#]} 16. c4 $1 bxc4 {[#]} 17. Bxc4 $1 O-O {[#]} (17... Qxc4 $2 18. Rc1 Qa4 19. b3 $18) (17... d5 18. Bb3) 18. Rc1 $1 {[%cal Od4e6] Nxe6! would now be deadly.} Qd8 {[#]} (18... Nc5 $142) 19. Bxh6 $1 $16 {[%mdl 512] White has more active pieces.} gxh6 20. Qxh6 Bf6 $2 {[%mdl 8192] [#] Dodges Rh3. Black cannot hold the game after this.} (20... Qa5 $16) 21. Nxe6 $1 $18 {[%mdl 512] White threatens Ng5 and mate.} Qb6 (21... Rb8 22. b3) 22. e5 (22. Nxf8 $2 Qxb2#) 22... Bxe5 {[#]} 23. Rc2 $1 Rab8 (23... fxe6 24. Qxe6+) 24. Qg5+ ({Weaker is} 24. Nxf8 d5 25. Qxb6 (25. Nxd7 $2 {perishes.} Qxh6 26. Bb3 Re8 $19) 25... Nxb6 $16) 24... Kh8 25. Qh5+ Kg8 26. Nxf8 Rxf8 27. Qg4+ Bg7 28. Qxd7 Bc8 {[%cal Bb7c8,Bc8e6,Be6g8,Bg8d5][%mdl 32] [#]} 29. Bxf7+ $1 Kh8 30. Qc7 (30. Rxc8 $2 Qxb2#) 30... Qd4 31. Bg6 Be6 32. h5 {White wants to mate with h6.} Bg8 33. Qb7 {[%cal Oh5h6] aiming for h6!} Bf6 34. Rc7 {[%cal Oc7h7] Rh7+! would kill now.} Bd5 35. Rh7+ {[%mdl 32768] Weighted Error Value: White=0.53/Black=0.72.  Loses game:     	---       	Black=1      Mistake:       	---       	Black=1      Inaccurate:     	White=1     	Black=3      OK:         	White=4     	Black=1      Strong:       	White=1     	---        Brilliant:      	White=5     	---       . Loss on time!?} 1-0

[Event "45th FIDE Olympiad 2024"]
[Site "Budapest"]
[Date "2024.09.13"]
[Round "3.66"]
[White "Young, Christopher"]
[Black "Stetsenko, Ilya"]
[Result "0-1"]
[ECO "E15"]
[WhiteElo "1758"]
[BlackElo "1903"]
[Annotator "NA RC"]
[PlyCount "56"]
[EventDate "2024.09.05"]
[EventType "team-tourn"]
[EventCountry "HUN"]
[SourceTitle "playchess.com"]
[Source "ChessBase"]
[SourceQuality "1"]
[WhiteTeam "Cayman Islands"]
[BlackTeam "Aruba"]
[WhiteTeamCountry "CAY"]
[BlackTeamCountry "ARN"]
[TimeControl "40/5400+30:1800+30"]

1. d4 Nf6 2. c4 e6 3. Nf3 b6 4. g3 Ba6 5. Qc2 c5 6. Bg2 Bb7 7. O-O cxd4 8. Nxd4 Bxg2 9. Kxg2 Be7 10. e4 d6 11. Nc3 O-O 12. Qe2 a6 13. f4 Qc7 14. Be3 Nbd7 15. g4 Nc5 16. Qf3 Nd3 17. g5 Nd7 18. f5 Qxc4 19. fxe6 fxe6 20. Qh3 N7c5 21. Nc6 Rfe8 22. Qf3 Ne5 23. Nxe5 dxe5 24. g6 Rf8 25. Qh5 hxg6 26. Qxg6 Rxf1 27. Rxf1 Rf8 28. Bh6 Qxf1+ 0-1

[Event "45th FIDE Olympiad 2024"]
[Site "Budapest"]
[Date "2024.09.13"]
[Round "3.67"]
[White "Lupulescu, Constantin"]
[Black "Lokander, Martin"]
[Result "1/2-1/2"]
[ECO "A43"]
[WhiteElo "2590"]
[BlackElo "2469"]
[Annotator "RC"]
[PlyCount "115"]
[EventDate "2024.09.05"]
[EventType "team-tourn"]
[EventCountry "HUN"]
[SourceTitle "playchess.com"]
[Source "ChessBase"]
[SourceQuality "1"]
[WhiteTeam "Romania"]
[BlackTeam "Sweden"]
[WhiteTeamCountry "ROU"]
[BlackTeamCountry "SWE"]
[TimeControl "40/5400+30:1800+30"]

1. d4 Nf6 2. Nf3 c5 3. d5 b5 4. Bg5 g6 5. Bxf6 exf6 6. e4 b4 7. a3 Bg7 8. axb4 cxb4 9. c3 O-O 10. Bd3 f5 11. exf5 Re8+ 12. Kf1 Qb6 13. fxg6 fxg6 14. h4 bxc3 15. bxc3 Ba6 16. Ra2 Bxd3+ 17. Qxd3 a5 18. Nbd2 Na6 19. d6 Nc5 20. Qd5+ Ne6 21. g3 a4 22. Kg2 Bxc3 23. h5 Qc5 24. Qd3 Bxd2 25. Nxd2 gxh5 26. Nf3 Ra5 27. Rh4 a3 28. Rc4 Qb5 29. Qc3 Qd5 30. Rd2 Qa8 31. Ra2 Rf8 32. Qb3 Qd5 33. Rc3 Qxd6 34. Rxa3 Raf5 35. Rd3 Qc6 36. Rc3 Qe4 37. Ra4 Qd5 38. Qxd5 Rxd5 39. Rca3 Rdf5 40. Ra5 Nc5 41. Ra2 Ne4 42. Rxf5 Rxf5 43. Ra7 Nf6 44. Ra2 Rd5 45. Ng1 Kf7 46. Ne2 Rf5 47. Ra4 Rg5 48. Kh3 Rg4 49. Ra5 Rb4 50. Ra2 Ne4 51. Kg2 Nc5 52. Rd2 h4 53. Rd5 d6 54. gxh4 Rxh4 55. Rxd6 Ne6 56. Ra6 Rc4 57. Ra7+ Rc7 58. Rxc7+ 1/2-1/2

[Event "45th FIDE Olympiad 2024"]
[Site "Budapest"]
[Date "2024.09.13"]
[Round "3.67"]
[White "Croes, Octavio"]
[Black "Shaw, Clifford"]
[Result "0-1"]
[ECO "A96"]
[WhiteElo "1850"]
[BlackElo "1744"]
[Annotator "NA RC"]
[PlyCount "70"]
[EventDate "2024.09.05"]
[EventType "team-tourn"]
[EventCountry "HUN"]
[SourceTitle "playchess.com"]
[Source "ChessBase"]
[SourceQuality "1"]
[WhiteTeam "Aruba"]
[BlackTeam "Cayman Islands"]
[WhiteTeamCountry "ARN"]
[BlackTeamCountry "CAY"]
[TimeControl "40/5400+30:1800+30"]

1. d4 e6 2. c4 f5 3. g3 Nf6 4. Bg2 Be7 5. Nf3 O-O 6. O-O d6 7. Nc3 Ne4 8. Qc2 Nxc3 9. Qxc3 Bf6 10. Qc2 e5 11. dxe5 dxe5 12. e4 Nc6 13. Rd1 Qe8 14. exf5 Qh5 15. Bd2 Bxf5 16. Qb3 e4 17. c5+ Kh8 18. Ne1 Nd4 19. Qxb7 c6 20. Be3 Rab8 21. Qa6 Ne2+ 22. Kf1 Rxb2 23. Rd2 Rxd2 24. Bxd2 Nxg3+ 25. hxg3 Bxa1 26. Qxa7 Qd1 27. Qa5 Bd4 28. Kg1 Bg6 29. Be3 Bxe3 30. fxe3 Qe2 31. a4 Qxe3+ 32. Kh2 h5 33. Nc2 Qf2 34. Qc3 Rf3 35. Qc4 Rxg3 0-1

[Event "45th FIDE Olympiad 2024"]
[Site "Budapest"]
[Date "2024.09.13"]
[Round "3.68"]
[White "Pantzar, Milton"]
[Black "Nisipeanu, Liviu-Dieter"]
[Result "1/2-1/2"]
[ECO "E44"]
[WhiteElo "2437"]
[BlackElo "2580"]
[Annotator "RC"]
[PlyCount "56"]
[EventDate "2024.09.05"]
[EventType "team-tourn"]
[EventCountry "HUN"]
[SourceTitle "playchess.com"]
[Source "ChessBase"]
[SourceQuality "1"]
[WhiteTeam "Sweden"]
[BlackTeam "Romania"]
[WhiteTeamCountry "SWE"]
[BlackTeamCountry "ROU"]
[TimeControl "40/5400+30:1800+30"]

1. d4 Nf6 2. c4 e6 3. Nc3 Bb4 4. e3 b6 5. Nge2 Ne4 6. Qc2 Bb7 7. a3 Bxc3+ 8. Nxc3 Nxc3 9. Qxc3 d6 10. h4 Qf6 11. b3 c5 12. Bb2 cxd4 13. exd4 O-O 14. h5 h6 15. Rh3 Nd7 16. Be2 Bxg2 17. Rg3 Be4 18. Qe3 d5 19. O-O-O Kh8 20. Rdg1 Rg8 21. Bc3 a5 22. a4 Rac8 23. Kb2 Qd8 24. Qf4 Qf6 25. Qe3 Qd8 26. Qf4 Qf6 27. Qe3 Qe7 28. Qf4 Qf6 1/2-1/2

[Event "45th FIDE Olympiad 2024"]
[Site "Budapest"]
[Date "2024.09.13"]
[Round "3.68"]
[White "Tracey, Shaun M"]
[Black "Pesqueira, Jose"]
[Result "1-0"]
[ECO "C01"]
[WhiteElo "1684"]
[BlackElo "1880"]
[Annotator "NA RC"]
[PlyCount "117"]
[EventDate "2024.09.05"]
[EventType "team-tourn"]
[EventCountry "HUN"]
[SourceTitle "playchess.com"]
[Source "ChessBase"]
[SourceQuality "1"]
[WhiteTeam "Cayman Islands"]
[BlackTeam "Aruba"]
[WhiteTeamCountry "CAY"]
[BlackTeamCountry "ARN"]
[TimeControl "40/5400+30:1800+30"]

1. e4 e6 2. d4 d5 3. Bd3 dxe4 4. Bxe4 Nf6 5. Bf3 c5 6. Ne2 Nc6 7. Be3 cxd4 8. Nxd4 Ne5 9. Nc3 Be7 10. Qe2 Nxf3+ 11. Nxf3 O-O 12. Bd4 Qa5 13. O-O-O Rd8 14. Ne5 Bd7 15. g4 Bc6 16. Rhe1 Be8 17. Kb1 Nd5 18. Nxd5 Rxd5 19. f4 Rad8 20. c3 Bh4 21. Rg1 Bf6 22. Nf3 Bxd4 23. Nxd4 Qb6 24. Rge1 Ba4 25. Rd2 Bb5 26. Qe3 Bc6 27. Rde2 Ba4 28. Qg3 Qa6 29. Re3 Qd6 30. Qf2 a6 31. h4 Qc7 32. Qf3 Rc8 33. Qf2 Rxd4 34. cxd4 Bc2+ 35. Ka1 Ba4 36. Rc3 Qd7 37. Rxc8+ Qxc8 38. Qd2 Bc6 39. Rc1 Qd8 40. g5 Qd5 41. h5 Qf3 42. h6 g6 43. Qa5 Qd5 44. Qc7 Kf8 45. Qb8+ Ke7 46. Qh8 Qf5 47. Qb8 Qd5 48. Qe5 Qxe5 49. dxe5 Kd7 50. b3 Bd5 51. Kb2 Bc6 52. Kc3 Bd5 53. Kb4 b6 54. a4 a5+ 55. Kb5 Bxb3 56. Rc3 Bd5 57. Kxb6 Kd8 58. Kxa5 Kd7 59. Kb6 1-0

[Event "45th FIDE Olympiad 2024"]
[Site "Budapest"]
[Date "2024.09.13"]
[Round "3.69"]
[White "Makhnev, Denis"]
[Black "Le, Quang Liem"]
[Result "0-1"]
[ECO "E05"]
[WhiteElo "2551"]
[BlackElo "2741"]
[Annotator "TA"]
[PlyCount "86"]
[EventDate "2024.09.05"]
[EventType "team-tourn"]
[EventCountry "HUN"]
[SourceTitle "playchess.com"]
[Source "ChessBase"]
[SourceQuality "1"]
[WhiteTeam "Kazakhstan"]
[BlackTeam "Vietnam"]
[WhiteTeamCountry "KAZ"]
[BlackTeamCountry "VIE"]
[TimeControl "40/5400+30:1800+30"]

1. d4 Nf6 2. c4 e6 3. g3 d5 4. Nf3 Be7 5. Bg2 O-O 6. O-O dxc4 7. Qc2 a6 8. a4 Bd7 9. Qxc4 Bc6 10. Bg5 Nbd7 11. Nc3 h6 12. Bxf6 Nxf6 13. Rfe1 Bd5 14. Nxd5 {The position is equal.} exd5 15. Qb3 Rb8 16. a5 c6 17. Ne5 Bd6 18. Nd3 Re8 19. Qc2 Re7 20. b4 Qc7 21. Nc5 Rbe8 22. e3 g6 23. Re2 h5 24. Rae1 {[#]} h4 $1 25. Qd3 Kg7 26. Rc1 (26. e4 $1 $15 dxe4 27. Bxe4) 26... Qc8 $17 27. Ree1 Rh8 28. Qd1 (28. Rc2 $142) 28... Qf5 29. Qf3 Qg5 30. Rb1 (30. Rc2 $17) 30... Rh5 (30... Ne4 $19 31. Rb2 hxg3 32. hxg3 Rh7 (32... f5 $2 33. Rc2 $19) 33. Nxe4 dxe4) 31. Rb2 hxg3 32. hxg3 Qh6 (32... Rh8 $142 33. Reb1 Rh5) 33. Qd1 Rh2 34. f4 Bxc5 35. bxc5 Ne4 ({Black should try} 35... Qh8 $1 $17 36. Qf3 Rh7 (36... Ne4 37. Reb1 $11)) 36. Qf3 $1 $11 g5 (36... Rh5 $15) 37. Ree2 (37. Reb1 $11 gxf4 38. Qg4+ Kf8 39. Rxb7 Rxb7 (39... fxg3 40. Rb8+ Re8 41. Rxe8+ Kxe8 42. Qg8+ Qf8 43. Rb8+ Ke7 44. Qxf8+ Kf6 45. Bxe4) 40. Rxb7 fxg3 (40... fxe3 $2 41. Rb8+ Ke7 42. Qc8 $18) 41. Rb8+ Ke7 42. Rb7+ Kf8 43. Rb8+ Ke7 44. Rb7+ Kf8) 37... Rh5 $1 $36 {[%mdl 2048] Keeping White busy. Black has more active pieces.} 38. Bf1 gxf4 39. gxf4 {[#] White does not recover from this.} (39. Rh2 $17 Nxg3 40. exf4) 39... Re6 $1 $19 40. f5 {[#] Prevents Rg6+} Rf6 41. Rh2 Rfxf5 42. Rxh5 Rxh5 ({Stronger than} 42... Rxf3 43. Rxh6 Kxh6 44. Rxb7 $14) 43. Rxb7 $2 {[#]} (43. Rg2+ $19 Kf8 44. Rg4) 43... Rh1+ $3 {[%mdl 512] Weighted Error Value: White=0.36/Black=0.13 (very precise) .  Loses game:     	White=1     	---        Mistake:       	White=5     	Black=4      Inaccurate:     	White=3     	Black=1      OK:         	White=8     	Black=13     Best:        	White=1     	---        Strong:       	White=1     	Black=2      Brilliant:      	---       	Black=1} 0-1

[Event "45th FIDE Olympiad 2024"]
[Site "Budapest"]
[Date "2024.09.13"]
[Round "3.69"]
[White "Solomon, Joshua"]
[Black "D`amico, Nicola"]
[Result "1/2-1/2"]
[ECO "D36"]
[WhiteElo "1587"]
[BlackElo "1801"]
[Annotator "NA"]
[PlyCount "78"]
[EventDate "2024.09.05"]
[EventType "team-tourn"]
[EventCountry "HUN"]
[SourceTitle "playchess.com"]
[Source "ChessBase"]
[SourceQuality "1"]
[WhiteTeam "Antigua and Barbuda"]
[BlackTeam "San Marino"]
[BlackTeamCountry "SMR"]
[TimeControl "40/5400+30:1800+30"]

1. d4 d5 2. c4 e6 3. Nc3 Nf6 4. cxd5 exd5 5. Bg5 c6 6. e3 Be7 7. Bd3 h6 8. Bh4 O-O 9. Nge2 Re8 10. Qc2 Nbd7 11. O-O Nf8 12. a3 Bg4 13. b4 a6 14. Rab1 Bh5 15. Nf4 Bg4 16. Bxf6 Bxf6 17. h3 Bd7 18. a4 Ne6 19. Nxe6 fxe6 20. b5 axb5 21. axb5 e5 22. dxe5 Bxe5 23. Ne2 Qh4 24. Bf5 Be6 25. bxc6 bxc6 26. Rb6 Bxf5 27. Qxf5 Rac8 28. Rc1 Rc7 29. Qg6 Rf8 30. Qe6+ Rcf7 31. g3 Qf6 32. Qxf6 Rxf6 33. f4 Bb8 34. Rbxc6 Ba7 35. Kf2 Re8 36. Nd4 Bxd4 37. exd4 Rxc6 38. Rxc6 Re4 39. Rd6 Rxd4 1/2-1/2

[Event "45th FIDE Olympiad 2024"]
[Site "Budapest"]
[Date "2024.09.13"]
[Round "3.70"]
[White "Nguyen, Ngoc Truong Son"]
[Black "Nogerbek, Kazybek"]
[Result "1/2-1/2"]
[ECO "D35"]
[WhiteElo "2633"]
[BlackElo "2519"]
[Annotator "TA"]
[PlyCount "59"]
[EventDate "2024.09.05"]
[EventType "team-tourn"]
[EventCountry "HUN"]
[SourceTitle "playchess.com"]
[Source "ChessBase"]
[SourceQuality "1"]
[WhiteTeam "Vietnam"]
[BlackTeam "Kazakhstan"]
[WhiteTeamCountry "VIE"]
[BlackTeamCountry "KAZ"]
[TimeControl "40/5400+30:1800+30"]

1. d4 d5 2. c4 e6 3. Nc3 Nf6 4. cxd5 exd5 5. Bg5 Be7 6. e3 h6 7. Bh4 Bg4 8. Qc2 O-O 9. h3 Be6 {White has an edge.} 10. Nf3 Nbd7 11. Bd3 Ne8 12. Bg3 Bd6 13. O-O (13. Ne5 {seems wilder.} Qg5 14. Bf4 Qe7 15. Bh2) 13... Bxg3 14. fxg3 Nd6 15. g4 c6 16. Rae1 Qe7 17. e4 dxe4 18. Nxe4 Nxe4 19. Bxe4 Rae8 20. Bh7+ {The position is equal.} Kh8 21. Bf5 Qd6 22. Bxe6 Rxe6 23. Qa4 Rxe1 24. Rxe1 a6 25. Qb3 b5 26. Qc2 c5 27. dxc5 Qxc5+ 28. Qxc5 Nxc5 29. Re7 Nd3 30. Ne5 {Weighted Error Value: White=0.04 (flawless) /Black=0.07 (flawless) .  Inaccurate:     	White=1     	Black=2      OK:         	White=10    	Black=6      Best:        	---       	Black=2} 1/2-1/2

[Event "45th FIDE Olympiad 2024"]
[Site "Budapest"]
[Date "2024.09.13"]
[Round "3.70"]
[White "Volpinari, Danilo"]
[Black "Matthew, Bailey"]
[Result "1-0"]
[ECO "B13"]
[WhiteElo "1939"]
[BlackElo "1548"]
[Annotator "NA RC"]
[PlyCount "93"]
[EventDate "2024.09.05"]
[EventType "team-tourn"]
[EventCountry "HUN"]
[SourceTitle "playchess.com"]
[Source "ChessBase"]
[SourceQuality "1"]
[WhiteTeam "San Marino"]
[BlackTeam "Antigua and Barbuda"]
[WhiteTeamCountry "SMR"]
[TimeControl "40/5400+30:1800+30"]

1. e4 c6 2. d4 d5 3. exd5 cxd5 4. Bd3 Nc6 5. c3 Qc7 6. h3 Nf6 7. Nf3 e6 8. O-O Bd6 9. Re1 h6 10. Nbd2 Bd7 11. Qe2 O-O-O 12. Ne5 Rdf8 13. a4 g5 14. b4 h5 15. Nb3 Kb8 16. a5 g4 17. h4 Bc8 18. b5 Ne7 19. Bd2 Nd7 20. b6 axb6 21. Nxd7+ Bxd7 22. axb6 Qxb6 23. Reb1 Qc7 24. Na5 b6 25. c4 Nc8 26. c5 Bh2+ 27. Kh1 Bf4 28. cxb6 Nxb6 29. Bxf4 Qxf4 30. Rxb6+ Kc7 31. Qc2+ Kd8 32. Nc6+ Bxc6 33. Ra7 g3 34. fxg3 Qxg3 35. Qb2 Qe1+ 36. Kh2 Qxh4+ 37. Kg1 Qe1+ 38. Bf1 Qe3+ 39. Kh1 Bd7 40. Qb4 Qf4 41. Rb8+ Qxb8 42. Qxb8+ Ke7 43. Qb4+ Kf6 44. Rxd7 Re8 45. Qd2 Kf5 46. Bd3+ Kg4 47. Rxf7 1-0

[Event "45th FIDE Olympiad 2024"]
[Site "Budapest"]
[Date "2024.09.13"]
[Round "3.71"]
[White "Suleymenov, Alisher"]
[Black "Le, Tuan Minh"]
[Result "1/2-1/2"]
[ECO "E05"]
[WhiteElo "2484"]
[BlackElo "2564"]
[Annotator "RC"]
[PlyCount "139"]
[EventDate "2024.09.05"]
[EventType "team-tourn"]
[EventCountry "HUN"]
[SourceTitle "playchess.com"]
[Source "ChessBase"]
[SourceQuality "1"]
[WhiteTeam "Kazakhstan"]
[BlackTeam "Vietnam"]
[WhiteTeamCountry "KAZ"]
[BlackTeamCountry "VIE"]
[TimeControl "40/5400+30:1800+30"]

1. d4 Nf6 2. c4 e6 3. g3 d5 4. Bg2 Be7 5. Nf3 O-O 6. O-O dxc4 7. Qc2 a6 8. a4 Bd7 9. Rd1 Bc6 10. Nc3 Bxf3 11. Bxf3 Nc6 12. Bxc6 bxc6 13. a5 Nd5 14. Na2 Qd7 15. Qxc4 Rfb8 16. e4 Nf6 17. Qe2 c5 18. dxc5 Qc6 19. b4 Nxe4 20. Bf4 Nf6 21. Rab1 Ra7 22. Nc3 Rab7 23. Qc4 h6 24. Be5 Nh7 25. h4 Bf6 26. Bd4 h5 27. Ne2 Qa4 28. Bc3 Bxc3 29. Nxc3 Qc6 30. Ne4 Nf6 31. Nxf6+ gxf6 32. Qc3 e5 33. Qc4 Kg7 34. Rb3 Rb5 35. Kh2 Qe6 36. Qxe6 fxe6 37. Rd7+ Kg6 38. Rxc7 Rxb4 39. Rxb4 Rxb4 40. c6 Rc4 41. Rc8 Kf5 42. c7 Ke4 43. Kg2 f5 44. Re8 Rxc7 45. Rxe6 f4 46. gxf4 Kxf4 47. Rxa6 Kg4 48. Rg6+ Kxh4 49. Rg3 Ra7 50. Ra3 Kg4 51. Ra4+ Kf5 52. Kg3 Ra6 53. Kh4 Kg6 54. Ra1 Kh6 55. Kg3 Kg5 56. Kf3 Kf5 57. Ra3 h4 58. Ra4 e4+ 59. Kg2 Kg5 60. Kh3 Kf4 61. Ra3 Kg5 62. Kh2 Kg4 63. Kg2 Kg5 64. Ra4 Kf5 65. Kh3 Kf4 66. Ra3 Kg5 67. Ra4 Kf4 68. Ra2 e3 69. fxe3+ Kxe3 70. Kxh4 1/2-1/2

[Event "45th FIDE Olympiad 2024"]
[Site "Budapest"]
[Date "2024.09.13"]
[Round "3.71"]
[White "Farquhar, Abner"]
[Black "Grassi, Enrico"]
[Result "1/2-1/2"]
[ECO "D00"]
[WhiteElo "1678"]
[BlackElo "1965"]
[Annotator "NA RC"]
[PlyCount "51"]
[EventDate "2024.09.05"]
[EventType "team-tourn"]
[EventCountry "HUN"]
[SourceTitle "playchess.com"]
[Source "ChessBase"]
[SourceQuality "1"]
[WhiteTeam "Antigua and Barbuda"]
[BlackTeam "San Marino"]
[BlackTeamCountry "SMR"]
[TimeControl "40/5400+30:1800+30"]

1. d4 Nf6 2. Nf3 g6 3. Nc3 d5 4. Bf4 c6 5. e3 Bg7 6. Bd3 Nbd7 7. Ne2 Nh5 8. Bg5 Qa5+ 9. c3 e5 10. dxe5 Nxe5 11. Nxe5 Bxe5 12. g4 Bxg4 13. f4 Bf6 14. Rg1 Bxe2 15. Bxe2 Bxg5 16. Rxg5 Ng7 17. Re5+ Kf8 18. Qd4 f6 19. Re6 Nxe6 20. Qxf6+ Kg8 21. Qxe6+ Kg7 22. Qe7+ Kh6 23. Qg5+ Kg7 24. Qe7+ Kh6 25. Qg5+ Kg7 26. Qe7+ 1/2-1/2

[Event "45th FIDE Olympiad 2024"]
[Site "Budapest"]
[Date "2024.09.13"]
[Round "3.72"]
[White "Tran, Tuan Minh"]
[Black "Zhalmakhanov, Ramazan"]
[Result "1-0"]
[ECO "D35"]
[WhiteElo "2434"]
[BlackElo "2497"]
[Annotator "RC"]
[PlyCount "111"]
[EventDate "2024.09.05"]
[EventType "team-tourn"]
[EventCountry "HUN"]
[SourceTitle "playchess.com"]
[Source "ChessBase"]
[SourceQuality "1"]
[WhiteTeam "Vietnam"]
[BlackTeam "Kazakhstan"]
[WhiteTeamCountry "VIE"]
[BlackTeamCountry "KAZ"]
[TimeControl "40/5400+30:1800+30"]

1. d4 Nf6 2. c4 e6 3. Nf3 d5 4. Nc3 Nbd7 5. cxd5 exd5 6. Bf4 c6 7. h3 Ne4 8. Nxe4 dxe4 9. Nd2 g5 10. Bg3 e3 11. fxe3 Nf6 12. Qc2 Bd6 13. Bf2 Qa5 14. e4 Bb4 15. Rd1 Qxa2 16. e5 Bxd2+ 17. Rxd2 Qa1+ 18. Qd1 Qxd1+ 19. Rxd1 Ne4 20. h4 g4 21. g3 Be6 22. Bg2 Bd5 23. O-O O-O 24. Bxe4 Bxe4 25. Be3 h5 26. Bg5 f5 27. exf6 Rae8 28. Rf2 Rf7 29. Ra1 b5 30. Bd2 Re6 31. Bb4 Rexf6 32. Rxf6 Rxf6 33. Rxa7 Bd5 34. Be7 Rf7 35. Ra8+ Kg7 36. Re8 Bc4 37. Bc5 Kg6 38. Rg8+ Kh6 39. Rc8 Bxe2 40. Rxc6+ Kh7 41. d5 Bf3 42. Be3 Re7 43. Kf2 Rd7 44. Rh6+ Kg7 45. d6 Be4 46. Rxh5 Rxd6 47. Rxb5 Bf3 48. Bf4 Re6 49. Be5+ Kg6 50. Ke3 Rc6 51. Kd4 Be2 52. Rb8 Rc4+ 53. Kd5 Rc2 54. Rb6+ Kf7 55. h5 Bf3+ 56. Kd4 1-0

[Event "45th FIDE Olympiad 2024"]
[Site "Budapest"]
[Date "2024.09.13"]
[Round "3.72"]
[White "Piva, Michele"]
[Black "Solomon, Jonathan"]
[Result "1-0"]
[ECO "D10"]
[WhiteElo "1721"]
[BlackElo "1536"]
[Annotator "NA"]
[PlyCount "101"]
[EventDate "2024.09.05"]
[EventType "team-tourn"]
[EventCountry "HUN"]
[SourceTitle "playchess.com"]
[Source "ChessBase"]
[SourceQuality "1"]
[WhiteTeam "San Marino"]
[BlackTeam "Antigua and Barbuda"]
[WhiteTeamCountry "SMR"]
[TimeControl "40/5400+30:1800+30"]

1. d4 d5 2. c4 c6 3. Nc3 Nf6 4. Bf4 Bg4 5. h3 Bf5 6. e3 e6 7. Nf3 Bb4 8. a3 Bxc3+ 9. bxc3 Ne4 10. Qb3 Qb6 11. Qb4 Nd7 12. c5 Qxb4 13. cxb4 b6 14. Rc1 b5 15. Nh4 Bg6 16. f3 Nef6 17. Bd6 a5 18. Nxg6 fxg6 19. Be2 axb4 20. axb4 Ra3 21. Kf2 Kf7 22. Bc7 Rc8 23. Ba5 e5 24. Ra1 Rxa1 25. Rxa1 Ra8 26. Re1 exd4 27. exd4 Nf8 28. Rd1 Ne6 29. g3 Re8 30. Bf1 h5 31. h4 g5 32. hxg5 Nxg5 33. Bd3 Re6 34. Bf5 Re8 35. Ra1 g6 36. Bd3 Ne6 37. Bb6 Kg7 38. Ra7+ Kh6 39. Rf7 Nh7 40. Rd7 Nxd4 41. Bc7 Ne6 42. Be5 Nhf8 43. Rd6 Rc8 44. f4 Ng7 45. f5 Ne8 46. Bf4+ Kg7 47. Be5+ Kg8 48. fxg6 Nxd6 49. cxd6 Nd7 50. Bf5 Rd8 51. Be6+ 1-0

[Event "45th FIDE Olympiad 2024"]
[Site "Budapest"]
[Date "2024.09.13"]
[Round "3.73"]
[White "Yilmaz, Mustafa"]
[Black "Gazik, Viktor"]
[Result "0-1"]
[ECO "E14"]
[WhiteElo "2587"]
[BlackElo "2561"]
[Annotator "RC"]
[PlyCount "80"]
[EventDate "2024.09.05"]
[EventType "team-tourn"]
[EventCountry "HUN"]
[SourceTitle "playchess.com"]
[Source "ChessBase"]
[SourceQuality "1"]
[WhiteTeam "Turkiye"]
[BlackTeam "Slovakia"]
[BlackTeamCountry "SVK"]
[TimeControl "40/5400+30:1800+30"]

1. d4 Nf6 2. c4 e6 3. Nf3 Bb4+ 4. Nbd2 b6 5. a3 Bxd2+ 6. Qxd2 Bb7 7. e3 O-O 8. Be2 d5 9. O-O Nbd7 10. b3 c5 11. Bb2 Rc8 12. Rac1 Qe7 13. Rfd1 Rfd8 14. a4 cxd4 15. exd4 a5 16. Qe1 dxc4 17. bxc4 Bc6 18. Rd3 Bxa4 19. Ba3 Qe8 20. Re3 Ng4 21. Rec3 Ngf6 22. Re3 Ng4 23. Rec3 Ngf6 24. h3 Nf8 25. Re3 b5 26. d5 bxc4 27. dxe6 Nxe6 28. Bxc4 Rxc4 29. Rxc4 Rd1 30. Qxd1 Bxd1 31. Rec3 Qb5 32. Rc8+ Ne8 33. Ne5 f6 34. Nc6 Bh5 35. Rb8 Qa4 36. Ne7+ Kh8 37. g4 Bf7 38. Nf5 Qd1+ 39. Kh2 Qd2 40. Rf3 Ng5 0-1

[Event "45th FIDE Olympiad 2024"]
[Site "Budapest"]
[Date "2024.09.13"]
[Round "3.73"]
[White "Asante, Debesai Zerabruk"]
[Black "Celis, Joel"]
[Result "0-1"]
[ECO "B11"]
[WhiteElo "1908"]
[BlackElo "1929"]
[Annotator "NA RC"]
[PlyCount "114"]
[EventDate "2024.09.05"]
[EventType "team-tourn"]
[EventCountry "HUN"]
[SourceTitle "playchess.com"]
[Source "ChessBase"]
[SourceQuality "1"]
[WhiteTeam "Eritrea"]
[BlackTeam "Macau"]
[WhiteTeamCountry "ERI"]
[BlackTeamCountry "MAC"]
[TimeControl "40/5400+30:1800+30"]

1. e4 c6 2. Nc3 d5 3. Nf3 dxe4 4. Nxe4 Nf6 5. Nxf6+ exf6 6. Bc4 Bd6 7. Qe2+ Qe7 8. Qxe7+ Bxe7 9. h3 O-O 10. a4 Nd7 11. d4 Bb4+ 12. c3 Re8+ 13. Be3 Bd6 14. O-O Nb6 15. Bd3 Nd5 16. Rae1 Nxe3 17. Rxe3 Bd7 18. Rfe1 Rxe3 19. Rxe3 a5 20. Nd2 Re8 21. Nc4 Bc7 22. Rxe8+ Bxe8 23. b4 b6 24. Na3 Kf8 25. b5 Ke7 26. Kf1 g6 27. Ke2 f5 28. g3 Bd8 29. bxc6 Bxc6 30. Bb5 Bb7 31. Kd3 g5 32. c4 Bg2 33. h4 gxh4 34. gxh4 Ke6 35. h5 Be4+ 36. Ke3 Bg5+ 37. f4 Be7 38. c5 bxc5 39. Nc4 cxd4+ 40. Kxd4 Bb4 41. Ne5 Bd2 42. Nc4 Bxf4 43. Nxa5 Bf3 44. Bc4+ Ke7 45. Bd3 Bxh5 46. Bxf5 Bg6 47. Bh3 Bc2 48. Nc4 Bh2 49. a5 Bg1+ 50. Kd5 f5 51. Nd2 Bd3 52. Bg2 Ba7 53. Kc6 Be3 54. Nf3 Ke6 55. Bh3 Be4+ 56. Kb5 Bxf3 57. a6 Ba7 0-1

[Event "45th FIDE Olympiad 2024"]
[Site "Budapest"]
[Date "2024.09.13"]
[Round "3.74"]
[White "Haring, Filip"]
[Black "Gurel, Ediz"]
[Result "0-1"]
[ECO "B50"]
[WhiteElo "2503"]
[BlackElo "2602"]
[Annotator "RC"]
[PlyCount "50"]
[EventDate "2024.09.05"]
[EventType "team-tourn"]
[EventCountry "HUN"]
[SourceTitle "playchess.com"]
[Source "ChessBase"]
[SourceQuality "1"]
[WhiteTeam "Slovakia"]
[BlackTeam "Turkiye"]
[WhiteTeamCountry "SVK"]
[TimeControl "40/5400+30:1800+30"]

1. e4 c5 2. Nf3 d6 3. Bc4 Nf6 4. d3 e6 5. c3 Be7 6. O-O O-O 7. Bb3 Nc6 8. Re1 b5 9. d4 Bb7 10. Nbd2 cxd4 11. cxd4 Nb4 12. Qe2 Qc7 13. e5 dxe5 14. dxe5 Nd7 15. Ne4 a5 16. a3 Bxe4 17. axb4 Bxf3 18. Qxf3 Bxb4 19. Re4 Rac8 20. Bg5 Nxe5 21. Qe2 Nd7 22. Rg4 Qe5 23. Be3 Bc5 24. Rg5 Qf6 25. Rd1 h6 0-1